 Dungeon Crawl Stone Soup version 0.28-a0-622-gbaef9634d7 (webtiles) character file.

Game seed: 15107343830945847229

73 siradein the Ducker (level 4, 0/34 HPs)
             Began as a Demonspawn Gladiator on Oct 7, 2021.
             Killed by nerve-wracking pain
             ... invoked by an orc priest
              (8 damage)
             ... on level 3 of the Dungeon.
             The game lasted 00:04:36 (2247 turns).

siradein the Ducker (Demonspawn Gladiator)          Turns: 2247, Time: 00:04:37

Health: 0/34       AC: 10    Str: 15    XL:     4   Next: 8%
Magic:  4/4        EV: 12    Int:  9    God:
Gold:   73         SH:  0    Dex: 15    Spells: 3/3 levels left

rFire   . . .      SeeInvis .   a - +0 trident
rCold   . . .      Faith    .   (no shield)
rNeg    . . .      Spirit   .   b - +0 leather armour
rPois   .          Reflect  .   c - +0 helmet
rElec   .          Harm     .   (no cloak)
rCorr   .          Rampage  .   (no gloves)
Will    .....                   (no boots)
Stlth   +.........              (no amulet)
HPRegen 0.11/turn               (no ring)
MPRegen 0.18/turn               (no ring)

@: sanguine armoured
A: magic regeneration, sanguine armour 1
a: no special abilities


You were on level 3 of the Dungeon.
You visited 1 branch of the dungeon, and saw 3 of its levels.

You collected 73 gold pieces.

Inventory:

Hand Weapons
 a - a +0 trident (weapon)
Missiles
 d - 3 throwing nets (quivered)
Armour
 b - a +0 leather armour (worn)
 c - a +0 helmet (worn)
Scrolls
 g - a scroll of magic mapping
 h - a scroll of fog {unknown}
Potions
 e - a potion of haste {unknown}


   Skills:
 + Level 2.7 Fighting
 + Level 3.2 Polearms
 + Level 2.4 Throwing
 + Level 3.2 Dodging


You had 3 spell levels left.
You didn't know any spells.
Your spell library contained the following spells:

 Spells                   Type           Power      Damage    Failure   Level
 Pain                     Necr           0%         1d4       45%         1
 Agony                    Necr           0%         N/A       100%        5
 Excruciating Wounds      Necr           0%         N/A       100%        5


Dungeon Overview and Level Annotations

Branches:
Dungeon (3/15)

Altars:


Innate Abilities, Weirdness & Mutations

You regenerate magic rapidly.
When seriously injured, your bleeding wounds create armour. (AC +6)


Message History

There is an entrance to a sewer on this level.
Hurry and find it before the portal rusts away!
Found 20 stones.
Found a stone staircase leading up.
There is a stone staircase leading up here.
As you read the scroll labelled VIRHUEDA CIOT, it crumbles to dust.
It is a scroll of identify.
g - a scroll of magic mapping The orc shouts!
You hear a shout!
An orc comes into view. It is wielding a +0 trident.
An orc priest comes into view. It is wielding a +0 short sword.
Okay, then.
The orc shouts!
You hear a shout!
A goblin comes into view. It is wielding a +0 dagger.
An orc and an orc wizard come into view.
The orc priest calls down the wrath of Beogh upon you.
Pain shoots through your body! The orc closely misses you.
The orc priest barely misses you. The orc closely misses you.
You hit the orc priest but do no damage.
The orc closely misses you.
The orc wizard casts a spell.
The orc wizard flickers and vanishes!
Deactivating autopickup; reactivate with Ctrl-A.
The orc hits you from afar with a +0 trident.
Your blood congeals into armour.
The goblin hits you but does no damage. The orc hits you with a +0 flail.
You closely miss the orc priest. The orc hits you but does no damage.
The orc priest hits you but does no damage.
The orc hits you from afar with a +0 trident.
The goblin hits you but does no damage. The orc hits you but does no damage.
A magic dart appears from out of thin air!
The magic dart hits you but does no damage.
The orc hits you with a +0 trident.
The orc priest hits you but does no damage.
The orc hits you with a +0 flail.
* * * LOW HITPOINT WARNING * * *
The rat barely misses you. The orc closely misses you.
You hit the orc priest but do no damage.
The orc priest mumbles some strange prayers to Beogh against you.
Pain shoots through your body!
You die...

#..#...
#..#..
#.... .
#...####...
#.......<..
#..<.#####
#.........#
#r#..######
###@#..##
#.ogo...#
#.{oo(..#
#.......#
#.......#
#.........
#.......###
.........
.........##


You could see an orc priest, 3 orcs, a goblin and a rat.

Vanquished Creatures
  An adder (D:2)
  2 worms (D:2)
  4 dart slugs
  6 ball pythons
  7 endoplasms
  6 goblins
  3 hobgoblins (D:2)
  4 kobolds
  A quokka (D:1)
  8 bats
  2 frilled lizards (D:1)
  3 rats (D:2)
47 creatures vanquished.

Vanquished Creatures (others)
  2 plants (D:3)
2 creatures vanquished.

Grand Total: 49 creatures vanquished

Notes
Turn   | Place    | Note
-------+----------+-------------------------------------------
     0 | D:1      | siradein the Demonspawn Gladiator began the quest for the
                  | Orb.
     0 | D:1      | Reached XP level 1. HP: 16/16 MP: 1/1
    61 | D:1      | Gained mutation: You regenerate magic rapidly. [demonic
                  | ancestry]
    61 | D:1      | Reached XP level 2. HP: 11/22 MP: 2/2
   912 | D:1      | Gained mutation: When seriously injured, your bleeding
                  | wounds create armour. (AC +6) [demonic ancestry]
   912 | D:1      | Reached XP level 3. HP: 28/28 MP: 3/3
  2053 | D:2      | Reached XP level 4. HP: 34/34 MP: 4/4
  2247 | D:3      | Killed from afar by an orc priest

Illustrated notes

Levels and vault maps discovered:
D:1:      denvon_arrival_planthouse, layout_basic
D:2:      layout_basic
D:3:      layout_basic, shapermc_ecumenical_altar_mp_ritualfount,
          portal_sewer_entry_d, minivault_25, serial_bayou_pond_a,
          roderic_serpentine_path, minmay_splitting_lines

Skill      XL: |  1  2 |
---------------+-------+-----
Throwing       | 2 |  2.4
Dodging        | 3 |  3.2
Polearms       | 3 |  3.2
Fighting       | |  2.7

Action                   |  1- 3 |  4- 6 || total
-------------------------+-------+-------++-------
Melee: Trident           |   142 |    13 ||   155
  Use: Scroll            |       |     1 ||     1
 Stab: Sleeping          |     2 |       ||     2
Armor: Leather armour    |    35 |     7 ||    42
Dodge: Dodged            |    75 |     7 ||    82

Table legend: (Time is in decaauts)
 A = Elapsed time spent in this place.
 B = Non-inter-level travel time spent in this place.
 C = Inter-level travel time spent in this place.
 D = Time resting spent in this place.
 E = Time spent auto-exploring this place.
 F = Levels seen in this place.
 G = Mean time per level.
                   A        B        C        D        E       F      G
               +--------+--------+--------+--------+--------+-----+--------+
         Total |   2269 |   2217 |     52 |    216 |   1565 |   3 |  756.3 |
       Dungeon |   2269 |   2217 |     52 |    216 |   1565 |   3 |  756.3 |
               +--------+--------+--------+--------+--------+-----+--------+

Top non-repeatable levels by time:
     D:1: 1415 daAuts
     D:2: 845 daAuts
     D:3: 9 daAuts
